 Dungeon Crawl Stone Soup version 0.31-a0-1537-g69dc257577 (webtiles) character file.

Game seed: 10713375931985085173

3569 GenialerGandalf the Cleaver (level 10, -1/88 HPs)
             Began as a Hill Orc Fighter on Jan 1, 2024.
             Killed from afar by a rime drake (19 damage)
             ... with an icy flash freeze
             ... on level 8 of the Dungeon.
             The game lasted 00:15:21 (7022 turns).

GenialerGandalf the Cleaver (Hill Orc Fighter)      Turns: 7022, Time: 00:15:22

Health: -1/88      AC: 17    Str: 24    XL:     10   Next: 9%
Magic:  10/10      EV:  8    Int: 12    God:
Gold:   263        SH:  5    Dex: 10    Spells: 9/9 levels left

rFire   . . .        a - +0 war axe
rCold   . . .        c - +0 buckler
rNeg    . . .        l - +0 chain mail
rPois   .            (no helmet)
rElec   +            p - +4 cloak of Baddohig {*Slow rElec Int+4 SInv}
rCorr   .            y - +0 pair of gloves
SInv    +            (no boots)
Will    .....        (no amulet) Stlth
                     (no ring)
HPRegen 0.34/turn    (no ring)
MPRegen 0.12/turn

%: slow self (1%)
@: no status effects
A: no striking features
a: Convert to Beogh


You were on level 8 of the Dungeon.
You visited 2 branches of the dungeon, and saw 9 of its levels.
You also visited: Sewer.

You collected 263 gold pieces.

Inventory:

Hand Weapons
 a - a +0 war axe (weapon)
 x - the +9 trident of Greed {flame, *Slow Str+4 Dex+4}
   (You found it on level 4 of the Dungeon)

   Str+4:     It affects your strength (+4).
   Dex+4:     It affects your dexterity (+4).
   *Slow:     It may slow you when you take damage.
Missiles
 w - a throwing net
Armour
 b - a +0 scale mail
 c - a +0 buckler (worn)
 l - a +0 chain mail (worn)
 n - a +0 cloak
 p - the +4 cloak of Baddohig (worn) {*Slow rElec Int+4 SInv}
   (You found it on level 2 of the Dungeon)

   Int+4:     It affects your intelligence (+4).
   rElec:     It insulates you from electricity.
   SInv:      It lets you see invisible.
   *Slow:     It may slow you when you take damage.
 y - a +0 pair of gloves (worn)
Jewellery
 d - a ring of flight
 j - a ring of see invisible
 A - a ring of protection from fire
 G - a +6 ring of intelligence
 I - an amulet of regeneration
 K - a ring of wizardry
Wands
 v - a wand of light (8)
 C - a wand of flame (25)
Scrolls
 f - 3 scrolls of immolation
 i - a scroll of noise {unknown}
 m - a scroll of vulnerability {unknown}
 o - 2 scrolls of fog {unknown}
 q - 5 scrolls of teleportation
 r - 2 scrolls of enchant weapon
 s - a scroll of amnesia {unknown}
 t - 4 scrolls of enchant armour
 E - a scroll of blinking {unknown}
 F - a scroll of revelation {unknown}
 J - a scroll of silence {unknown}
Potions
 e - 2 potions of resistance {unknown}
 g - 3 potions of invisibility
 h - 2 potions of curing
 k - 2 potions of berserk rage
 u - 2 potions of mutation {unknown}
 z - a potion of enlightenment {unknown}
 B - a potion of attraction {unknown}
 D - a potion of experience {unknown}
 H - 2 potions of haste {unknown}


   Skills:
 * Level 8.1 Fighting
 * Level 13.0 Axes
 * Level 7.7 Armour
 * Level 6.3 Shields


You had 9 spell levels left.
You didn't know any spells.
Your spell library contained the following spells:

 Spells                   Type           Power      Damage    Failure   Level
 Apportation              Tloc           0%         N/A       88%         1
 Necrotise                Necr           0%         1d4       88%         1
 Sting                    Conj/Alch      0%         1d3       88%         1
 Jinxbite                 Hex            0%         N/A       95%         2
 Mercury Vapours          Alch/Air       0%         N/A       95%         2
 Dazzling Flash           Conj/Hex       0%         N/A       99%         3
 Fugue of the Fallen      Necr           0%         N/A       99%         3
 Ozocubu's Armour         Ice            0%         N/A       99%         3
 Vampiric Draining        Necr           0%         2d6       99%         3
 Volatile Blastmotes      Fire/Tloc      0%         2d10      99%         3
 Manifold Assault         Tloc           0%         N/A       100%        4
 Martyr's Knell           Necr/Summ      0%         N/A       100%        4
 Olgreb's Toxic Radiance  Alch           0%         N/A       100%        4
 Alistair's Intoxication  Alch           0%         N/A       100%        5
 Borgnjor's Vile Clutch   Necr/Erth      0%         N/A       100%        5
 Curse of Agony           Necr           0%         N/A       100%        5
 Eringya's Noxious Bog    Alch           0%         4d6       100%        6
 Starburst                Conj/Fire      0%         6d3       100%        6
 Maxwell's Capacitive Co  Air            0%         ∞         100%        8


Dungeon Overview and Level Annotations

Branches:
Dungeon (8/15)             Temple (1/1) D:4           Sewer (visited)
   Lair: D:8-11

Altars:
Ashenzari
Cheibriados
Dithmenos
Elyvilon
Gozag
Hepliaklqana
Kikubaaqudgha
Makhleb
Nemelex Xobeh
Okawaru
Ru
Trog
Wu Jian
Xom
Yredelemnul
The Shining One

Shops:
D:4 =


Message History

Beogh smites you!
The orc wizard points at you and mumbles some strange words.
The magic dart hits you but does no damage.
The rime drake hisses angrily.
You slash the orc wizard!
You kill the orc wizard!
You barely miss the orc priest. You closely miss the orc warrior.
You hear a shout!
The orc warrior hits you with a +1 heavy war axe!
You hear a shout!
You are too injured to fight recklessly!
You are too injured to fight recklessly!
You are too injured to fight recklessly!
You slash the orc warrior!
The orc warrior is heavily wounded.
You hit the orc priest but do no damage.
The orc priest looks braver for a moment.
You hit the orc priest.
The orc priest is almost dead.
You hit the kobold brigand but do no damage.
You slash the orc warrior! The orc priest closely misses you.
The orc warrior hits you with a +1 heavy war axe!
* * * LOW HITPOINT WARNING * * *
You slash the orc warrior!
You kill the orc warrior!
You barely miss the orc priest. You hit the kobold brigand.
The kobold brigand hits you but does no damage.
The orc priest mumbles some strange prayers to Beogh against you.
Pain shoots through your body!
* * * LOW HITPOINT WARNING * * *
The kobold brigand hits you but does no damage.
Your life force feels restored.
Your Axes skill increases to level 13!
You feel better.
A kobold comes into view. It is wielding a +0 club.
The orc priest hits you but does no damage.
You block the kobold brigand's attack. The rime drake breathes ice at you.
The icy flash freeze hits you!!
You die...

....# ####.#.
K....> #....#
#....# #....#
#.okK#
#..@.########
#....'......#
##...######)#
#...# #)#
##### #.#####
#.....#
#####.# #.#
#.#


You could see a rime drake (catching breath), a kobold brigand, an orc priest
and a kobold.

Vanquished Creatures
  Pikel (D:5)
  Maggie (D:6)
  Sigmund (D:5)
  A wraith (D:6)
  A steam dragon (D:7)
  Edmund (D:6)
  2 water moccasins (D:7)
  2 ice beasts
  2 orc warriors
  A sky beast (D:6)
  An ogre (D:4)
  2 centaurs
  3 lemures (D:5)
  2 brain worms (Sewer)
  2 bullfrogs (D:7)
  A gnoll sergeant (D:6)
  4 wights (D:8)
  An electric eel (D:6)
  A bombardier beetle (D:6)
  A gnoll bouda (D:7)
  2 jellies
  3 hounds
  An orc priest (D:5)
  2 iguanas
  A sleepcap (D:5)
  9 orc wizards
  9 adders
  9 gnolls
  A shadow imp (D:7)
  4 ufetubi
  11 dart slugs
  4 ribbon worms
  16 orcs
  6 bats
  2 bat zombies (D:4)
  5 endoplasms
  4 giant cockroaches
  7 hobgoblins
  3 jackals
  4 quokkas
  10 ball pythons
  7 frilled lizards
  A frilled lizard zombie (D:4)
  4 goblins
  3 kobolds (D:2)
  11 rats
170 creatures vanquished.

Notes
Turn   | Place    | Note
-------+----------+-------------------------------------------
     0 | D:1      | GenialerGandalf the Hill Orc Fighter began the quest for
                  | the Orb.
     0 | D:1      | Reached XP level 1. HP: 19/19 MP: 1/1
    60 | D:1      | Reached XP level 2. HP: 27/27 MP: 2/2
   153 | D:1      | Found a faded altar of an unknown god.
   518 | D:2      | Reached skill level 3 in Axes
   580 | D:2      | Reached XP level 3. HP: 17/33 MP: 3/3
   817 | D:2      | Identified the +4 cloak of Baddohig {*Slow rElec Int+4
                  | SInv}
  1285 | D:3      | Reached skill level 4 in Axes
  1289 | D:3      | Reached XP level 4. HP: 40/40 MP: 4/4
  1507 | D:3      | Identified the +0 ring mail of Greater Demons {Harm rN+
                  | Dex+3}
  1607 | D:3      | Found a glowing golden altar of the Shining One.
  1853 | D:4      | Found a snail-covered altar of Cheibriados.
  1940 | D:4      | Found an ancient bone altar of Kikubaaqudgha.
  2021 | D:4      | Found a staircase to the Ecumenical Temple.
  2035 | Temple   | Entered the Ecumenical Temple
  2212 | D:4      | Found a burning altar of Makhleb.
  2381 | D:4      | Found Kabbep's Jewellery Shoppe.
  2381 | D:4      | Noticed an ogre
  2390 | D:4      | Killed an ogre
  2391 | D:4      | Reached skill level 5 in Axes
  2391 | D:4      | Reached XP level 5. HP: 43/47 MP: 5/5
  2392 | D:4      | Reached XP level 6. HP: 49/53 MP: 6/6
  2544 | D:4      | Identified the +9 trident of Greed {flame, *Slow Str+4
                  | Dex+4}
  2546 | D:4      | Found a hazy altar of Hepliaklqana.
  2920 | D:5      | Entered Level 5 of the Dungeon
  2925 | D:5      | Reached skill level 6 in Axes
  3068 | D:5      | Noticed an ice beast
  3078 | D:5      | Killed an ice beast
  3079 | D:5      | Reached skill level 7 in Axes
  3079 | D:5      | Reached XP level 7. HP: 60/60 MP: 7/7
  3158 | D:5      | Reached skill level 5 in Fighting
  3405 | D:5      | Reached skill level 5 in Armour
  3547 | D:5      | Noticed Sigmund
  3549 | D:5      | Noticed Pikel
  3559 | D:5      | Killed Sigmund
  3560 | D:5      | Reached skill level 8 in Axes
  3565 | D:5      | Killed Pikel
  3566 | D:5      | Reached skill level 9 in Axes
  3566 | D:5      | Reached skill level 5 in Shields
  3566 | D:5      | Reached XP level 8. HP: 34/70 MP: 8/8
  4036 | D:6      | Reached skill level 10 in Axes
  4154 | D:6      | Identified the +0 chain mail of the Unbroken {rCorr Int+4}
  4425 | D:6      | Noticed Maggie
  4444 | D:6      | Killed Maggie
  4445 | D:6      | Reached XP level 9. HP: 17/78 MP: 9/9
  4561 | D:6      | Found a glowing drain.
  4573 | Sewer    | Entered a sewer
  4931 | Sewer    | Reached skill level 11 in Axes
  5051 | D:6      | Noticed Edmund
  5066 | D:6      | Killed Edmund
  5862 | D:7      | Reached skill level 12 in Axes
  6852 | D:8      | Reached XP level 10. HP: 85/88 MP: 10/10
  7022 | D:8      | Reached skill level 13 in Axes
  7022 | D:8      | Killed from afar by a rime drake

Illustrated notes

Levels and vault maps discovered:
D:1:      minmay_arrival_stair_chambers, layout_rooms,
          shapermc_ecumenical_altar_mp_ritualfount
D:2:      layout_rooms
D:3:      minmay_evil_eye, layout_basic, general_overflow_altar
D:4:      layout_loops_ring, mainiacjoe_overflow_chevrons,
          mainiacjoe_overflow_concentric_impassable,
          makhleb_blood_cavern_becter, lemuel_zombie_altar_kikubaaqudgha,
          minmay_temple_entry_junction, kennysheep_small_circle
D:5:      layout_gridville, kb_lookout_dungeons_type, palyth_stone_intersect,
          uniq_sigmund, uniq_pikel
D:6:      kennysheep_slugbush, layout_basic, cheibrodos_sewer_entry_drain,
          chequers_serial_rivers_large_a, uniq_edmund, uniq_maggie
D:7:      layout_basic
D:8:      layout_basic, grunt_temple_overflow_forces_of_nature,
          nicolae_uskayaw_dance_studio, hellmonk_lair_entry_icy, enter_bailey_8,
          uniq_psyche
Temple:   nicolae_temple_bog_church

Skill      XL: |  1  2  3  4  5  6  7  8  9 10 |
---------------+-------------------------------+-----
Fighting       | 4 6 7 8 |  8.1
Axes           | 3 4 5 7 9 10 12 13 | 13.0
Armour         | 4 5 6 7 |  7.7
Shields        | 4 5 6 |  6.3

Action                     |  1- 3 |  4- 6 |  7- 9 | 10-12 || total
---------------------------+-------+-------+-------+-------++-------
  Melee: War axe           |   100 |   104 |   338 |    24 ||   566
    Use: Scroll            |     6 |     1 |       |       ||     7
         Potion            |       |     1 |     3 |     1 ||     5
 Armour: Scale mail        |     7 |       |       |       ||     7
         Chain mail        |    68 |   100 |   333 |    23 ||   524
  Dodge: Dodged            |    65 |    45 |   151 |     4 ||   265
  Block: Buckler           |    24 |    29 |    85 |     5 ||   143

Table legend: (Time is in decaauts)
 A = Elapsed time spent in this place.
 B = Non-inter-level travel time spent in this place.
 C = Inter-level travel time spent in this place.
 D = Time resting spent in this place.
 E = Time spent auto-exploring this place.
 F = Levels seen in this place.
 G = Mean time per level.
                   A        B        C        D        E       F      G
               +--------+--------+--------+--------+--------+-----+--------+
         Total |   7188 |   6679 |    509 |    316 |   4915 |  10 |  718.8 |
       Dungeon |   6619 |   6133 |    486 |    316 |   4596 |   8 |  827.4 |
        Temple |    153 |    130 |     23 |      0 |      0 |   1 |  153.0 |
         Sewer |    415 |    415 |      0 |      0 |    319 |   1 |  415.0 |
               +--------+--------+--------+--------+--------+-----+--------+

Top non-repeatable levels by time:
     D:6: 1466 daAuts
     D:5: 1112 daAuts
     D:7: 1006 daAuts
     D:4: 941 daAuts
     D:3: 776 daAuts
     D:2: 604 daAuts
     D:1: 513 daAuts
   Sewer: 415 daAuts
     D:8: 197 daAuts
  Temple: 153 daAuts
